 Dungeon Crawl Stone Soup version 0.24.0-41-g2ae2f7f1be (webtiles) character file.

Game seed: 15963328414896811259, levelgen mode: deterministic

346690 Faustar the Scorcher (level 21, -3/182 HPs)
             Began as a Purple Draconian Conjurer on Nov 15, 2019.
             Was the Champion of Vehumet.
             Slain by a war gargoyle
             ... wielding a +0 morningstar
              (13 damage)
             ... on level 5 of the Vaults on Dec 14, 2019.
             The game lasted 05:11:35 (68616 turns).

Faustar the Scorcher (Purple Draconian Conjurer)   Turns: 68616, Time: 05:11:35

Health: -3/182     AC: 19    Str: 11    XL:     21   Next: 19%
Magic:  3/36       EV: 13    Int: 21    God:    Vehumet [******]
Gold:   1028       SH: 18    Dex: 16    Spells: 6/50 levels left

rFire    + . .     SeeInvis .   N - +7 dagger "Conservator" {flame, +Blink +Rage rElec rC+++}
rCold    + + +     Gourm    .   R - +5 shield
rNeg     . . .     Faith    .   (armour unavailable)
rPois    +         Spirit   .   X - +2 hat {MR+}
rElec    +         Reflect  .   r - scarf {repulsion}
rCorr    .         Harm     .   V - +2 pair of gloves
MR       ++++.                  Y - +2 pair of boots {Fly}
Stlth    ++........             Z - amulet of regeneration
HPRegen  0.80/turn              z - ring of Gicvo {rPois rC+ Dex+2}
MPRegen  0.25/turn              g - ring of fire

@: flying, very slightly contaminated, hasted, constricted, repel missiles, very
quick
A: breathe power, unfitting armour, dopey 1, low mp 1, cold-blooded, AC +11
}: 2/15 runes: decaying, serpentine
a: Breathe Dispelling Energy, Renounce Religion, Evoke Blink, Evoke Berserk
Rage, Stop Flying


You were on level 5 of the Vaults.
You worshipped Vehumet.
Vehumet was exalted by your worship.
You were hungry.

You visited 9 branches of the dungeon, and saw 43 of its levels.
You also visited: Sewer, Ossuary and Bailey.

You collected 4611 gold pieces.
You spent 3583 gold pieces at shops.

Inventory:

Hand Weapons
 G - the +11 whip "Mesiub" {drain, MR+ Dex+4 SInv}
   (You found it on level 7 of the Dungeon)

   A truly terrible weapon, it drains the life of those it strikes.
   It affects your dexterity (+4).
   It affects your resistance to hostile enchantments.
   It lets you see invisible.
 N - the +7 dagger "Conservator" (weapon) {flame, +Blink +Rage rElec rC+++}
   (You found it on level 1 of the Lair of Beasts)

   It has been specially enchanted to burn those struck by it, causing extra
   injury to most foes and up to half again as much damage against particularly
   susceptible opponents.
   It renders you almost immune to cold.
   It insulates you from electricity.
   It lets you blink.
   It lets you go berserk.
Armour
 r - a scarf of repulsion (worn)
 u - a +2 cloak of magic resistance
 R - a +5 shield (worn)
 V - a +2 pair of gloves (worn)
 X - a +2 hat of magic resistance (worn)
 Y - a +2 pair of boots of flying (worn)
Magical Staves
 J - an uncursed staff of energy
Jewellery
 g - a ring of fire (right hand)
 i - the ring "Lixkaeni" {MR- MP+9 Str+8 SInv}
   (You found it on level 4 of the Lair of Beasts)

   [ring of see invisible]

   It affects your strength (+8).
   It affects your resistance to hostile enchantments.
   It affects your magic capacity (+9).
   It lets you see invisible.
 k - a +5 ring of evasion
 n - a +3 ring of dexterity
 y - an uncursed ring of protection from fire
 z - the ring of Gicvo (left hand) {rPois rC+ Dex+2}
   (You acquired it on level 3 of the Elven Halls)

   [ring of poison resistance]

   It affects your dexterity (+2).
   It protects you from cold.
   It protects you from poison.
 B - an uncursed ring of see invisible
 I - an uncursed ring of positive energy
 L - an uncursed ring of resist corrosion
 T - an uncursed amulet of magic regeneration
 U - an uncursed ring of protection from magic
 W - an uncursed ring of protection from fire
 Z - an amulet of regeneration (around neck)
Wands
 q - a wand of acid (18)
 s - a wand of iceblast (23)
 E - a wand of digging (22)
 F - a wand of paralysis (9)
 O - a wand of disintegration (51)
Scrolls
 c - 11 scrolls of remove curse
 e - 10 scrolls of enchant weapon
 j - 8 scrolls of fog
 l - 6 scrolls of fear
 w - 23 scrolls of teleportation
 C - a scroll of enchant armour
 D - 11 scrolls of amnesia
 K - 5 scrolls of blinking
 Q - 3 scrolls of identify
 S - 4 scrolls of magic mapping
Potions
 f - 2 potions of ambrosia
 h - 8 potions of curing
 m - 4 potions of cancellation
 o - 6 potions of might
 p - 5 potions of resistance
 v - 5 potions of haste
 x - 5 potions of brilliance
 A - a potion of berserk rage
Miscellaneous
 P - a lamp of fire (inert)
Comestibles
 b - 18 rations


   Skills:
 + Level 14.4 Fighting
 - Level 6.0 Dodging
 - Level 1.7 Stealth
 - Level 15.0 Shields
 - Level 15.3 Spellcasting
 - Level 17.0 Conjurations
 - Level 8.0 Hexes
 - Level 7.1 Charms
 - Level 10.0 Summonings
 - Level 6.1 Necromancy
 - Level 5.0 Translocations
 - Level 17.3 Fire Magic
 - Level 5.0 Earth Magic
 - Level 7.2 Evocations


You had 6 spell levels left.
You knew the following spells:

 Your Spells              Type           Power        Failure   Level  Hunger
a - Magic Dart            Conj           ####         0%          1    None
b - Ignition              Fire           #######...   5%          8    #######
c - Fulminant Prism       Conj/Hex       ######....   1%          4    None
d - Regeneration          Chrm/Necr      #####.....   1%          3    None
f - Spellforged Servitor  Conj/Summ      ######....   3%          7    ######.
g - Iron Shot             Conj/Erth      ######....   1%          6    #####..
h - Bolt of Fire          Conj/Fire      #######...   1%          6    #####..
i - Orb of Destruction    Conj           ######....   1%          7    ######.
m - Blink                 Tloc           N/A          1%          2    None

Your spell library contained the following spells:

 Spells                   Type           Power        Failure   Level  Hunger
 Glaciate                 Conj/Ice       ######....   100%        9    #######
 Tornado                  Air            ###.......   100%        9    #######
 Searing Ray              Conj           ######       0%          2    None
 Animate Skeleton         Necr           N/A          1%          1    None
 Apportation              Tloc           #####.       1%          1    None
 Confusing Touch          Hex            ######       1%          1    None
 Corona                   Hex            ######.      1%          1    None
 Freeze                   Ice            ###.         1%          1    None
 Infusion                 Chrm           ####         1%          1    None
 Pain                     Necr           ####         1%          1    None
 Shock                    Conj/Air       ####         1%          1    None
 Sting                    Conj/Pois      ####         1%          1    None
 Summon Butterflies       Summ           ######..     1%          1    None
 Summon Small Mammal      Summ           ####         1%          1    None
 Corpse Rot               Necr           N/A          1%          2    None
 Passwall                 Tmut/Erth      ####....     1%          2    None
 Shroud of Golubria       Chrm/Tloc      #####.       1%          2    None
 Slow                     Hex            ######..     1%          2    None
 Song of Slaying          Chrm           #####...     1%          2    None
 Swiftness                Chrm/Air       ####....     1%          2    None
 Throw Frost              Conj/Ice       ######       1%          2    None
 Call Canine Familiar     Summ           ######..     1%          3    None
 Confuse                  Hex            ######..     1%          3    None
 Dazzling Spray           Conj/Hex       ######       1%          3    None
 Gell's Gravitas          Tloc           #####.....   1%          3    None
 Inner Flame              Hex/Fire       #######.     1%          3    None
 Lesser Beckoning         Tloc           #####.....   1%          3    None
 Mephitic Cloud           Conj/Pois/Air  #####...     1%          3    None
 Portal Projectile        Hex/Tloc       #####.       1%          3    None
 Spectral Weapon          Hex/Chrm       #####...     1%          3    None
 Static Discharge         Conj/Air       ######..     1%          3    None
 Stone Arrow              Conj/Erth      ######       1%          3    None
 Teleport Other           Tloc           #####...     1%          3    None
 Vampiric Draining        Necr           #####.....   1%          3    None
 Cause Fear               Hex            ######....   1%          4    None
 Force Lance              Conj/Tloc      ######..     1%          4    None
 Iskenderun's Mystic Bla  Conj           ######..     1%          4    None
 Throw Icicle             Conj/Ice       ######..     1%          4    None
 Bolt of Draining         Conj/Necr      ######....   1%          5    ###....
 Bolt of Magma            Conj/Fire/Erth #######...   1%          5    ###....
 Irradiate                Conj/Tmut      ######....   1%          5    ###....
 Lightning Bolt           Conj/Air       ######....   1%          5    ###....
 Venom Bolt               Conj/Pois      ######....   1%          5    ###....
 Ozocubu's Armour         Chrm/Ice       ####....     2%          3    None
 Leda's Liquefaction      Hex/Erth       #####.....   2%          4    None
 Summon Mana Viper        Hex/Summ       ######..     2%          5    ###....
 Beastly Appendage        Tmut           ###...       3%          1    None
 Animate Dead             Necr           N/A          3%          4    None
 Lee's Rapid Deconstruct  Erth           #####.....   3%          5    ###....
 Passage of Golubria      Tloc           N/A          4%          4    None
 Summon Ice Beast         Ice/Summ       #####...     4%          4    None
 Summon Lightning Spire   Summ/Air       #####...     4%          4    None
 Summon Forest            Summ/Tloc      #####.....   4%          5    ###....
 Bolt of Cold             Conj/Ice       ######....   4%          6    #####..
 Conjure Ball Lightning   Conj/Air       ######....   4%          6    #####..
 Poisonous Vapours        Pois/Air       ###...       5%          2    None
 Sticks to Snakes         Tmut           ###.....     5%          2    None
 Yara's Violent Unravell  Hex/Tmut       ####......   5%          5    ###....
 Spider Form              Tmut/Pois      ###.......   11%         3    None
 Airstrike                Air            ###.......   11%         4    None
 Olgreb's Toxic Radiance  Pois           ###.....     11%         4    None
 Petrify                  Tmut/Erth      ####....     13%         4    None
 Metabolic Englaciation   Hex/Ice        ####......   21%         5    ###....
 Silence                  Hex/Air        ####......   21%         5    ###....
 Ice Form                 Ice/Tmut       ###.....     36%         4    None
 Blade Hands              Tmut           ###.......   71%         5    ###....
 Deflect Missiles         Chrm/Air       ####......   80%         6    #####..
 Statue Form              Tmut/Erth      ####.....    90%         6    #####..
 Hydra Form               Tmut           ###.......   99%         6    #####..
 Summon Hydra             Summ           ######....   45%         7    ######.
 Malign Gateway           Summ/Tloc      #####.....   82%         7    ######.
 Dragon Form              Tmut           ###.......   100%        7    ######.
 Shatter                  Erth           #####.....   100%        9    #######


Dungeon Overview and Level Annotations

Branches:
Dungeon (15/15)            Temple (1/1) D:7            Lair (6/6) D:10
  Swamp (4/4) Lair:3        Snake (4/4) Lair:2        Slime (3/5) Lair:6
    Orc (2/2) D:12            Elf (3/3) Orc:2        Vaults (5/5) D:13
  Crypt (0/3) Vaults:3     Depths (0/5) D:15          Sewer (visited)
Ossuary (visited)          Bailey (visited)

Altars:
Ashenzari
Cheibriados
Dithmenos
Elyvilon
Fedhas
Gozag
Hepliaklqana
Kikubaaqudgha
Makhleb
Nemelex Xobeh
Okawaru
Qazlal
Ru
Sif Muna
Trog
Uskayaw
Vehumet
Wu Jian
Xom
Yredelemnul
Zin
The Shining One

Shops:
D:5 }   D:6 [   D:9 ?   D:10 (   Orc:1 [   Orc:2 }*[}   Snake:3 (   Vaults:1 !
Vaults:2 (

Annotations:
D:6 3 runed translucent doors, Kobolds4U's ghost, novice DECj
D:8 Harold
D:9 2 transporters, exclusions: 4 doors and obsidian statue
D:15 exclusion: door
Lair:2 3 runed translucent doors, Rankid's ghost, journeyman GrFi
Lair:6 2 runed translucent doors
Elf:2 3 runed translucent doors
Elf:3 1 runed translucent door, kalagan's ghost, adept GrEE


Innate Abilities, Weirdness & Mutations

You can breathe bolts of dispelling energy.
Your rich purple scales are hard. (AC +11)
You cannot fit into any form of body armour.
You are cold-blooded and may be slowed by cold attacks.
You are dopey. (Int -2)
Your magical capacity is low. (-10% MP)


Message History

The war gargoyle hits you with a +0 morningstar!
* * * LOW HITPOINT WARNING * * *
The deep elf high priest hits you but does no damage.
The tentacled monstrosity tentacle-slaps your spellforged servitor! x2
Your spellforged servitor is destroyed!
* * * LOW HITPOINT WARNING * * *
The tentacled monstrosity constricts you.
Unknown command.
Unknown command.
As you read the scroll of fear, it crumbles to dust.
You assume a fearsome visage.
The battlesphere is unaffected.
The war gargoyle is unaffected.
The tentacled monstrosity is unaffected.
The deep elf high priest looks frightened!
The ettin looks frightened!
The tengu reaver looks frightened!
The deep elf mage looks frightened!
The orc looks frightened! x2
The deep elf mage casts a spell.
The deep elf mage blinks!
The war gargoyle hits you with a +0 morningstar!
You die...

###L.[.[..[###
% #C.(..[...)
.#
#...#..^.#..[
#.
.#.##....#..#(
) ###
#....#..#.
o###.# ##o#ยง)
#9X.# #@# ##e#


CQ# *## #. ( .# #. You could see a tentacled monstrosity, a tengu reaver
(fleeing), an ettin (fleeing), a war gargoyle, a deep elf high priest (fleeing),
a battlesphere and 2 orcs.

Vanquished Creatures
  A golden dragon (Vaults:4)
  Rupert (D:14)
  2 tentacled monstrosities (Vaults:5)
  A titan (Vaults:5)
  A deep elf blademaster (Elf:3)
  Frances (Snake:2)
  A sphinx (Vaults:5)
  5 acid blobs
  Gastronok (D:11)
  5 tengu reavers
  Donald (Orc:2)
  4 azure jellies (Slime:1)
  A nagaraja (Snake:4)
  5 vault wardens
  2 deep elf sorcerers
  A deep elf elementalist (Elf:3)
  5 ironheart preservers
  5 stone giants
  2 entropy weavers (Lair:5)
  3 deep elf demonologists
  A deep elf annihilator (Vaults:3)
  A deep elf death mage (Elf:2)
  An eidolon (Vaults:3)
  2 ettins
  A death ooze (Slime:2)
  Josephine (Orc:1)
  5 yaktaur captains
  3 deep elf high priests
  13 hydras
  3 centaur warriors
  25 vault guards
  A rakshasa (D:13)
  A shambling mangrove (Swamp:4)
  A death knight (Vaults:1)
  7 ogre magi
  A queen ant (Lair:5)
  12 two-headed ogres
  3 tengu warriors
  An orc high priest (Orc:2)
  3 death yaks
  5 dancing weapons
  2 deep troll shamans
  6 alligators
  Urug (Lair:6)
  A shock serpent (Snake:2)
  Sonja (Lair:4)
  12 deep elf knights
  Nergalle (Lair:4)
  2 skeletal warriors
  4 unseen horrors
  2 flayed ghosts
  2 swamp dragons
  A glowing orange brain (Vaults:5)
  4 wizards
  4 deep elf archers
  5 lindwurms
  5 deep trolls
  A naga ritualist (Snake:4)
  3 necromancers
  9 harpies
  9 ironbrand convokers
  7 shining eyes
  A phantasmal warrior (Vaults:5)
  9 orc knights
  37 deep elf magi
  An oklob plant (Snake:4)
  2 orc sorcerers (Orc:2)
  5 wolf spiders
  9 ugly things
  3 cyclopes
  2 mana vipers
  A manticore (D:13)
  3 elephants
  A guardian serpent (Snake:2)
  A stone giant skeleton (Vaults:2)
  A moth of wrath (shapeshifter) (Vaults:3)
  4 vault sentinels
  A gargoyle (D:12)
  Maurice (D:13)
  5 orange demons (D:10)
  15 black mambas
  2 naga magi
  14 spiny frogs
  2 molten gargoyles (Lair:6)
  A rime drake (Lair:2)
  16 yaktaurs
  A demonic crawler (Lair:1)
  An efreet (D:15)
  A freezing wraith (Vaults:3)
  11 komodo dragons
  A redback zombie (D:14)
  7 red devils
  3 trolls
  3 tengu conjurers
  A polar bear (Lair:5)
  A merfolk (D:9)
  3 meliai (D:14)
  A wind drake (shapeshifter) (Vaults:4)
  9 hippogriffs
  4 tyrant leeches
  A raiju (Lair:4)
  3 hornets
  9 blink frogs
  73 slime creatures
  A bog body (Swamp:4)
  3 shadows
  An air elemental (Elf:1)
  Sigmund (D:4)
  A spriggan (shapeshifter) (Vaults:4)
  A vampire (D:10)
  An ettin skeleton (Vaults:1)
  4 wraiths
  41 yaks
  10 wyverns
  A human (D:12)
  A human (shapeshifter) (Vaults:4)
  A fire elemental (Elf:2)
  2 hungry ghosts
  5 basilisks
  A steam dragon (Lair:6)
  8 golden eyes (Slime:1)
  6 wargs
  Grum (D:8)
  4 vampire mosquitoes
  Menkaure (D:5)
  3 swamp worms
  9 nagas
  An acid dragon (Vaults:2)
  22 soldier ants
  Edmund (D:5)
  4 insubstantial wisps (Swamp:1)
  11 water moccasins
  4 hell hounds (Lair:6)
  A floating eye (shapeshifter) (Vaults:2)
  Duvessa (D:4)
  23 orc warriors
  7 porcupines
  2 sky beasts
  2 hornet zombies
  An ice beast (D:11)
  2 black bears
  3 swamp drakes
  6 eyes of draining
  3 necrophages
  A phantom (D:9)
  17 wolves
  An eye of draining (shapeshifter) (Vaults:3)
  13 centaurs
  27 ogres
  3 boggarts
  13 crocodiles
  4 big kobolds (Sewer)
  2 elf zombies
  3 earth elementals (Elf:1)
  17 bullfrogs
  2 scorpions
  A water moccasin skeleton (D:9)
  Dowan (D:4)
  8 wights
  4 killer bees (D:12)
  6 howler monkeys
  5 crimson imps
  A bullfrog zombie (D:5)
  7 centaur zombies
  4 lava snakes (Lair:6)
  A quasit (D:9)
  A human zombie (Ossuary)
  4 jellies
  36 orc wizards
  3 hounds
  5 bullfrog skeletons
  8 centaur skeletons
  26 orc priests
  Natasha (thrice) (D:2)
  24 worker ants
  Ijyb (D:5)
  A big kobold zombie (Ossuary)
  2 hound zombies
  3 mummies (Ossuary)
  A worker ant zombie (D:11)
  Robin (D:2)
  A howler monkey zombie (D:5)
  5 gnolls
  10 adders
  3 river rats (Sewer)
  5 oozes
  3 adder zombies
  3 worms
  6 dart slugs
  8 leopard geckos
  93 orcs
  11 giant cockroaches
  2 gnoll zombies (Ossuary)
  19 goblins
  11 hobgoblins
  15 jackals
  6 quokkas
  A ball python (Sewer)
  9 bats
  3 frilled lizards
  2 goblin zombies (Ossuary)
  4 hobgoblin zombies (Ossuary)
  A jackal skeleton (D:4)
  6 jackal zombies (Ossuary)
  36 kobolds
  4 kobold zombies (Ossuary)
  5 quokka zombies (Ossuary)
  17 rats
  2 rat zombies (Ossuary)
  A fulminant prism (Lair:3)
  2 fungi (Lair:3)
1246 creatures vanquished.

Vanquished Creatures (collateral kills)
  Margery (Vaults:4)
  Vashnia (Snake:2)
  Nikola (Vaults:1)
  A deep elf blademaster (Elf:3)
  An acid blob (Slime:1)
  3 thorn hunters
  3 deep elf master archers (Elf:3)
  A shadow dragon (Vaults:4)
  2 tengu reavers
  Roxanne (D:15)
  7 nagarajas
  6 vault wardens
  3 frost giants
  7 deep elf sorcerers
  4 deep elf elementalists (Elf:3)
  4 very ugly things
  3 stone giants
  9 ironheart preservers
  An entropy weaver (Vaults:1)
  4 deep elf demonologists (Elf:3)
  2 deep elf annihilators
  3 ettins
  Snorg (Orc:1)
  A death ooze (Lair:6)
  4 deep elf death magi
  4 fire dragons
  A jiangshi (Vaults:3)
  2 ogre magi (Vaults:1)
  2 deep elf high priests (Elf:3)
  3 ice dragons
  2 great orbs of eyes
  2 yaktaur captains
  2 rakshasas
  15 vault guards
  10 hydras
  8 naga warriors
  3 anacondas
  18 alligators
  A shambling mangrove (Swamp:3)
  A death knight (Vaults:3)
  6 centaur warriors
  5 dancing weapons
  5 deep troll earth magi
  7 two-headed ogres
  4 orc high priests
  A spriggan berserker (Swamp:4)
  11 naga sharpshooters
  11 deep elf knights
  5 shock serpents
  A fire crab (shapeshifter) (Vaults:1)
  2 salamander mystics
  A skeletal warrior (Vaults:3)
  A hell knight (Vaults:4)
  A flayed ghost (Vaults:3)
  4 deep trolls
  A wizard (Vaults:1)
  A spriggan druid (Swamp:4)
  A glowing orange brain (Vaults:4)
  5 naga ritualists
  A deep troll (shapeshifter) (Vaults:3)
  11 swamp dragons (Swamp:4)
  An unseen horror (shapeshifter) (Vaults:1)
  11 deep elf archers
  A necromancer (Vaults:1)
  6 ironbrand convokers
  12 orc knights
  6 harpies
  5 mana vipers
  A wolf spider (Vaults:1)
  7 salamanders
  13 ugly things
  32 deep elf magi
  3 orc sorcerers (Orc:2)
  3 cyclopes
  An elephant (shapeshifter) (Vaults:1)
  6 vault sentinels
  A frost giant skeleton (Vaults:1)
  A guardian serpent (Snake:4)
  6 spiny frogs
  13 naga magi
  15 black mambas
  6 freezing wraiths
  16 yaktaurs
  A komodo dragon (Swamp:4)
  4 trolls
  6 hornets
  10 tyrant leeches
  A sphinx simulacrum (Vaults:2)
  39 slime creatures
  5 bog bodies
  A dream sheep (shapeshifter) (Vaults:4)
  A stone giant simulacrum (Vaults:2)
  5 spriggans
  4 wraiths
  An air elemental (Elf:2)
  A tarantella (shapeshifter) (Vaults:4)
  A yak (shapeshifter) (Elf:2)
  A spriggan (shapeshifter) (Vaults:3)
  A water elemental (Elf:2)
  2 fire elementals (Elf:3)
  6 vampire mosquitoes (Swamp:1)
  An insubstantial wisp (Swamp:1)
  40 nagas
  A warg (Vaults:2)
  7 swamp worms
  A floating eye (shapeshifter) (Vaults:1)
  3 human zombies
  17 orc warriors
  An eye of draining (Lair:6)
  7 swamp drakes
  An eye of draining (shapeshifter) (Vaults:4)
  6 ogres
  A boggart (Vaults:2)
  4 centaurs (Vaults:1)
  An earth elemental (Elf:1)
  4 orc priests
  2 jellies (Swamp:2)
  4 orc wizards
  20 orcs
610 creatures vanquished.

Vanquished Creatures (others)
  A nagaraja (Snake:3)
  A great orb of eyes (Slime:2)
  2 hydras
  A naga sharpshooter (Snake:2)
  A deep elf mage (Elf:1)
  An insubstantial wisp (Swamp:1)
  A phantom (D:9)
  A bullfrog zombie (D:9)
  An orc (Orc:2)
  256 fulminant prisms
  18 fungi
  7 plants
291 creatures vanquished.

Grand Total: 2147 creatures vanquished

Notes
Turn   | Place    | Note
-------+----------+-------------------------------------------
     0 | D:1      | Faustar the Draconian Conjurer began the quest for the Orb.
     0 | D:1      | Reached XP level 1. HP: 14/14 MP: 3/3
   198 | D:1      | Reached XP level 2. HP: 20/20 MP: 1/5
   393 | D:1      | Learned a level 2 spell: Searing Ray
  1061 | D:1      | Reached XP level 3. HP: 24/26 MP: 4/7
  1174 | D:2      | Noticed Robin
  1358 | D:2      | Found a stormy altar of Qazlal.
  1531 | D:2      | Noticed Natasha
  2044 | D:2      | Reached XP level 4. HP: 33/33 MP: 1/8
  2054 | D:2      | Learned a level 4 spell: Fulminant Prism
  2213 | D:2      | Found an opulent altar of Gozag.
  2484 | D:2      | Reached skill level 5 in Conjurations
  2576 | D:2      | Killed Natasha
  2632 | D:2      | Noticed Natasha
  2642 | D:2      | Killed Natasha
  2781 | D:2      | Reached XP level 5. HP: 34/38 MP: 1/10
  2895 | D:2      | Killed Robin
  2953 | D:2      | Noticed Natasha
  3001 | D:2      | Killed Natasha
  3499 | D:3      | Found a glowing drain.
  3510 | Sewer    | Entered a sewer
  3511 | Sewer    | Upgraded the game from 0.24.0-29-g8ce449bc06 to
                  | 0.24.0-41-g2ae2f7f1be
  3542 | Sewer    | Reached XP level 6. HP: 45/45 MP: 6/12
  3840 | Sewer    | Reached skill level 5 in Spellcasting
  4142 | Sewer    | Your scales start taking on a rich purple colour.
  4142 | Sewer    | Reached XP level 7. HP: 50/50 MP: 6/16
  4940 | D:4      | Noticed Sigmund
  4952 | D:4      | Killed Sigmund
  5361 | D:4      | Reached XP level 8. HP: 45/57 MP: 12/19
  5406 | D:4      | Noticed Duvessa
  5500 | D:4      | Noticed Dowan
  5506 | D:4      | Killed Dowan
  6203 | D:4      | Killed Duvessa
  6454 | D:4      | Found an iron altar of Okawaru.
  6454 | D:4      | Found a bloodstained altar of Trog.
  6491 | D:5      | Entered Level 5 of the Dungeon
  6498 | D:5      | Reached skill level 1 in Fighting
  6548 | D:5      | Noticed Edmund
  6558 | D:5      | Killed Edmund
  6663 | D:5      | Noticed Menkaure
  6709 | D:5      | Killed Menkaure
  6709 | D:5      | Reached skill level 5 in Fighting
  6931 | D:5      | Noticed Ijyb
  6935 | D:5      | Killed Ijyb
  7047 | D:5      | Found Wytro's Gadget Shoppe.
  7056 | D:5      | Found a sand-covered staircase.
  7061 | Ossuary  | Entered an ossuary
  7431 | Ossuary  | Reached XP level 9. HP: 66/78 MP: 12/21
  7818 | D:5      | Learned a level 3 spell: Confuse
  7864 | D:5      | Reached skill level 1 in Hexes
  8781 | D:6      | Reached skill level 5 in Hexes
  8946 | D:6      | Found a runed translucent gate.
  8947 | D:6      | Found a runed translucent gate.
  8948 | D:6      | Found a runed translucent gate.
  8950 | D:6      | Noticed Kobolds4U's ghost (novice DECj)
  8950 | D:6      | Identified the +1 dagger "Afonisk" {drain, Str+3}
  9102 | D:6      | Found Laizeyng's Antique Armour Boutique.
  9600 | D:7      | Found a staircase to the Ecumenical Temple.
  9621 | D:7      | Found a sacrificial altar of Ru.
  9621 | D:7      | Found a shimmering blue altar of Sif Muna.
  9650 | Temple   | Entered the Ecumenical Temple
  9863 | Temple   | Became a worshipper of Vehumet
  9994 | D:7      | Got an iridescent whip
 10123 | D:7      | Found an ancient bone altar of Kikubaaqudgha.
 10685 | D:8      | Identified the +11 whip "Mesiub" {drain, MR+ Dex+4 SInv}
                  | (You found it on level 7 of the Dungeon)
 10698 | D:8      | Reached XP level 10. HP: 85/85 MP: 12/22
 10780 | D:8      | Found a shadowy altar of Dithmenos.
 11401 | D:8      | Noticed Grum
 11421 | D:8      | Killed Grum
 11449 | D:8      | Noticed Harold
 11777 | D:9      | Found a transporter.
 11777 | D:9      | Noticed a five-headed hydra
 11777 | D:9      | Noticed an ettin
 11779 | D:9      | Noticed an obsidian statue
 11785 | D:9      | Found a transporter.
 11818 | D:9      | Killed a five-headed hydra
 11974 | D:9      | Reached skill level 5 in Dodging
 12173 | D:9      | Found Feto's Magic Scroll Shop.
 12181 | D:9      | Bought a scroll of teleportation for 36 gold pieces
 12181 | D:9      | Bought a scroll of teleportation for 36 gold pieces
 12181 | D:9      | Bought a scroll of teleportation for 36 gold pieces
 12181 | D:9      | Bought a scroll of magic mapping for 42 gold pieces
 12196 | D:9      | Found a shattered altar of Ashenzari.
 12197 | D:9      | Found a sparkling altar of Nemelex Xobeh.
 12218 | D:9      | Found a burning altar of Makhleb.
 12222 | D:9      | Found a white marble altar of Elyvilon.
 12484 | D:10     | Entered Level 10 of the Dungeon
 12690 | D:10     | Reached * piety under Vehumet
 12690 | D:10     | Offered knowledge of Shock by Vehumet.
 13125 | D:10     | Reached skill level 1 in Evocations
 13329 | D:10     | Noticed an orange demon
 13341 | D:10     | Killed an orange demon
 13364 | D:10     | Reached skill level 5 in Evocations
 13555 | D:10     | Reached ** piety under Vehumet
 13555 | D:10     | Offered knowledge of Throw Flame by Vehumet.
 13574 | D:10     | Noticed an orange demon
 13710 | D:10     | Found Gaqohav's Weapon Shoppe.
 13737 | D:10     | Noticed an orange demon
 13755 | D:10     | Killed an orange demon
 14156 | D:10     | Killed an orange demon
 14191 | D:10     | Reached XP level 11. HP: 78/91 MP: 3/23
 14737 | D:10     | You fall into a shaft and drop 1 floor!
 14742 | D:11     | Learned a level 2 spell: Throw Flame
 14748 | D:11     | Noticed a brown ugly thing
 14750 | D:11     | Noticed a two-headed ogre
 14779 | D:11     | Killed a brown ugly thing
 14881 | D:11     | Noticed a red ugly thing
 14896 | D:11     | Killed a red ugly thing
 15056 | D:11     | Noticed Gastronok
 15146 | D:11     | Found a flagged portal.
 15153 | Bailey   | Entered a bailey
 15157 | Bailey   | Offered knowledge of Stone Arrow by Vehumet.
 15172 | Bailey   | Noticed an orc knight
 15178 | Bailey   | Killed an orc knight
 15178 | Bailey   | Noticed an orc knight
 15202 | Bailey   | Killed an orc knight
 15203 | Bailey   | Reached *** piety under Vehumet
 15323 | Bailey   | Offered knowledge of Inner Flame by Vehumet.
 15541 | D:10     | Reached skill level 10 in Spellcasting
 15687 | D:10     | Found a staircase to the Lair.
 15774 | Lair:1   | Entered Level 1 of the Lair of Beasts
 15845 | Lair:1   | Noticed an eight-headed hydra
 15863 | Lair:1   | Killed an eight-headed hydra
 15863 | Lair:1   | Reached skill level 10 in Conjurations
 16360 | Lair:1   | Got a translucent dagger
 17091 | Lair:2   | Noticed a five-headed hydra
 17120 | Lair:2   | Learned a level 2 spell: Blink
 17296 | Lair:2   | Reached skill level 1 in Translocations
 17842 | Lair:2   | Reached **** piety under Vehumet
 18089 | Lair:2   | Found a runed translucent gate.
 18089 | Lair:2   | Found a runed translucent gate.
 18089 | Lair:2   | Found a runed translucent gate.
 18093 | Lair:2   | Noticed Rankid's ghost (journeyman GrFi)
 18120 | Lair:2   | Reached XP level 12. HP: 100/100 MP: 20/27
 18250 | Lair:2   | Found a staircase to the Snake Pit.
 18278 | Lair:3   | Offered knowledge of Bolt of Magma by Vehumet.
 18767 | Lair:3   | Reached skill level 5 in Translocations
 19243 | Lair:3   | Found a staircase to the Swamp.
 19460 | Lair:3   | Noticed a death yak
 19460 | Lair:3   | Noticed a death yak
 19460 | Lair:3   | Noticed a death yak
 19984 | Lair:2   | Killed a five-headed hydra
 20409 | Lair:2   | Killed a death yak
 20567 | Lair:2   | Killed a death yak
 20988 | Lair:4   | Noticed a six-headed hydra
 21175 | Lair:3   | Killed a death yak
 21175 | Lair:3   | Reached ***** piety under Vehumet
 21282 | Lair:4   | Noticed Sonja
 21285 | Lair:4   | Killed Sonja
 21324 | Lair:4   | Identified the +7 dagger "Conservator" {flame, +Blink +Rage
                  | rElec rC+++} (You found it on level 1 of the Lair of
                  | Beasts)
 21434 | Lair:4   | Offered knowledge of Poison Arrow by Vehumet.
 21625 | Lair:4   | Noticed a four-headed hydra
 22142 | Lair:3   | Reached XP level 13. HP: 88/105 MP: 15/30
 22246 | Lair:4   | Noticed Nergalle
 22392 | Lair:4   | Killed Nergalle
 23064 | Lair:4   | Identified the Handbook of Shifting Stones
 23073 | Lair:4   | Learned a level 6 spell: Iron Shot
 23074 | Lair:4   | Got a scintillating jade ring
 23098 | Lair:4   | Identified the ring "Lixkaeni" {MR- MP+9 Str+8 SInv} (You
                  | found it on level 4 of the Lair of Beasts)
 23265 | Lair:5   | Noticed an entropy weaver
 23583 | Lair:5   | Reached skill level 1 in Earth Magic
 24611 | Lair:5   | Killed an entropy weaver
 25314 | Lair:5   | Noticed an entropy weaver
 25321 | Lair:5   | Killed an entropy weaver
 25699 | Lair:6   | Entered Level 6 of the Lair of Beasts
 25715 | Lair:5   | Reached skill level 5 in Earth Magic
 26230 | Lair:6   | Noticed Urug
 26269 | Lair:6   | Killed Urug
 26633 | Lair:6   | Reached skill level 1 in Fire Magic
 26702 | Lair:6   | Found a staircase to the Slime Pits.
 26724 | Lair:6   | Reached XP level 14. HP: 113/113 MP: 25/31
 27698 | Lair:6   | Found a large runed translucent door.
 27698 | Lair:6   | Found a large runed translucent door.
 27701 | Lair:6   | Reached skill level 5 in Fire Magic
 28403 | D:11     | Reached ****** piety under Vehumet
 28411 | D:11     | Offered knowledge of Airstrike by Vehumet.
 28733 | D:11     | Killed Gastronok
 29115 | D:12     | Found a staircase to the Orcish Mines.
 29726 | D:13     | Noticed Maurice
 29738 | D:13     | Killed Maurice
 29853 | D:13     | Reached skill level 1 in Shields
 31336 | D:13     | Offered knowledge of Spellforged Servitor by Vehumet.
 31371 | D:13     | Learned a level 7 spell: Spellforged Servitor
 31406 | D:13     | Reached skill level 5 in Shields
 31952 | D:13     | Reached skill level 1 in Summonings
 32662 | D:13     | Found a gate to the Vaults.
 32941 | D:14     | Reached XP level 15. HP: 118/118 MP: 21/32
 33764 | D:13     | Reached skill level 5 in Summonings
 33884 | D:14     | Noticed Rupert
 34005 | D:14     | Killed Rupert
 35108 | D:15     | Entered Level 15 of the Dungeon
 35114 | D:15     | Reached skill level 15 in Conjurations
 35115 | D:15     | Found an ancient bone altar of Kikubaaqudgha.
 35777 | D:15     | Offered knowledge of Iskenderun's Battlesphere by Vehumet.
 35932 | D:15     | Noticed Roxanne
 36310 | D:15     | Killed Roxanne
 36752 | D:15     | Found a staircase to the Depths.
 36752 | D:15     | Noticed a frost giant
 36934 | Orc:1    | Entered Level 1 of the Orcish Mines
 36934 | Orc:1    | Found Vugrorr's Antique Armour Shoppe.
 36934 | Orc:1    | Noticed Snorg
 36938 | Orc:1    | Killed Snorg
 36945 | Orc:1    | Noticed Josephine
 36954 | Orc:1    | Killed Josephine
 37326 | Orc:1    | Bought a pair of embroidered gloves for 247 gold pieces
 37326 | Orc:1    | Bought a pair of glowing boots for 247 gold pieces
 37487 | Orc:1    | Offered knowledge of Conjure Ball Lightning by Vehumet.
 37765 | Orc:2    | Entered Level 2 of the Orcish Mines
 37942 | Orc:2    | Found Vewnyuda's Gadget Boutique.
 37963 | Orc:2    | Bought a wand of digging (3) for 196 gold pieces
 38136 | Orc:2    | Noticed Donald
 38140 | Orc:2    | Killed Donald
 38316 | Orc:2    | Found a bloodstained altar of Trog.
 38330 | Orc:2    | Found a staircase to the Elven Halls.
 38544 | Orc:2    | Offered knowledge of Bolt of Fire by Vehumet.
 38625 | Orc:2    | Found Direutuv's Assorted Antiques.
 38625 | Orc:2    | Found Neckeb's Food Shoppe.
 38627 | Orc:2    | Found Jaluris's Antique Armour Shop.
 38627 | Orc:2    | Found Jumucimu's Gadget Shoppe.
 38768 | Elf:1    | Entered Level 1 of the Elven Halls
 38957 | Elf:1    | Learned a level 6 spell: Bolt of Fire
 39459 | Elf:1    | Reached XP level 16. HP: 117/126 MP: 24/33
 40010 | Elf:1    | Reached skill level 10 in Fire Magic
 40577 | Elf:1    | Offered knowledge of Orb of Destruction by Vehumet.
 40586 | Elf:1    | Learned a level 7 spell: Orb of Destruction
 41122 | Swamp:1  | Entered Level 1 of the Swamp
 43234 | Swamp:2  | Offered knowledge of Glaciate by Vehumet.
 43234 | Swamp:2  | Offered knowledge of Tornado by Vehumet.
 43234 | Swamp:2  | Offered knowledge of Ignition by Vehumet.
 43608 | Swamp:3  | Noticed a thorn hunter
 43615 | Swamp:3  | Killed a thorn hunter
 44505 | Swamp:4  | Entered Level 4 of the Swamp
 44519 | Swamp:4  | Reached skill level 10 in Fighting
 44838 | Swamp:4  | Got a pair of brightly glowing gloves
 44853 | Swamp:4  | Identified the +0 pair of gloves of a treasure trove {rN+}
                  | (You found it on level 4 of the Swamp)
 45411 | Swamp:4  | Noticed a thorn hunter
 45425 | Swamp:4  | Killed a thorn hunter
 45917 | Swamp:4  | Reached XP level 17. HP: 98/146 MP: 23/35
 46673 | Swamp:4  | Got a decaying rune of Zot
 46848 | Snake:1  | Entered Level 1 of the Snake Pit
 47963 | Snake:2  | Noticed Vashnia
 48145 | Snake:2  | Killed Vashnia
 49227 | Snake:2  | Noticed Frances
 49241 | Snake:2  | Killed Frances
 50384 | Snake:3  | Found Viuth's Antique Weapon Shop.
 50392 | Snake:3  | Bought a jewelled war axe for 246 gold pieces
 50392 | Snake:3  | Identified the cursed +0 war axe of the End {drain, -Tele
                  | +Fly rElec Int+4} (You bought it in a shop on level 3 of
                  | the Snake Pit)
 50394 | Snake:3  | Bought a pitted hand axe for 232 gold pieces
 50394 | Snake:3  | Identified the +4 hand axe of Benor {chop, Int+5 Dex+3}
                  | (You bought it in a shop on level 3 of the Snake Pit)
 50581 | Snake:4  | Entered Level 4 of the Snake Pit
 51145 | Snake:4  | Found a shattered altar of Ashenzari.
 51379 | Snake:4  | Learned a level 8 spell: Ignition
 52053 | Snake:4  | Got a serpentine rune of Zot
 52289 | Slime:1  | Entered Level 1 of the Pits of Slime
 53599 | Elf:2    | Found a runed translucent gate.
 53599 | Elf:2    | Found a runed translucent gate.
 53599 | Elf:2    | Found a runed translucent gate.
 53823 | Elf:3    | Entered Level 3 of the Elven Halls
 53841 | Elf:3    | Reached XP level 18. HP: 143/154 MP: 26/36
 53891 | Elf:3    | Reached skill level 15 in Fire Magic
 54096 | Elf:3    | Found a runed translucent door.
 54247 | Elf:3    | Identified a scroll of acquirement
 55149 | Elf:3    | Identified the +6 halberd of Courage {elec, rC+ Int+6}
 55478 | Elf:3    | Identified the +6 scale mail of Lies {rCorr Int+4}
 55538 | Elf:3    | Identified the cursed +2 flail "Duno" {drain, +Blink +Fly}
 55543 | Elf:3    | Identified the cursed +1 flail of Greatest Utility {flame,
                  | rC+}
 55543 | Elf:3    | Identified the +2 robe of the Valley {rElec}
 55681 | Elf:3    | Got a fine copper ring
 55682 | Elf:3    | Identified the ring of Gicvo {rPois rC+ Dex+2} (You
                  | acquired it on level 3 of the Elven Halls)
 55730 | Elf:3    | Found the +6 shillelagh "Devastator" {shatter}
 55848 | Elf:3    | Identified Ximool's Handbook of the Mountains and Talismans
 55859 | Elf:3    | Identified Yvvaghis's Disquisition on the Displaced
                  | Frostbite
 55870 | Elf:3    | Got a distressingly furry cloak
 55871 | Elf:3    | Identified the cursed -2 cloak of Beauty {rC+} (You found
                  | it on level 3 of the Elven Halls)
 55878 | Elf:3    | Identified the Guide on Battle Magic
 55890 | Elf:3    | Learned a level 3 spell: Regeneration
 56086 | Elf:3    | Noticed kalagan's ghost (adept GrEE)
 56381 | Orc:2    | Bought a ration for 50 gold pieces
 56381 | Orc:2    | Bought a ration for 50 gold pieces
 56381 | Orc:2    | Bought a ration for 50 gold pieces
 56381 | Orc:2    | Bought a ration for 50 gold pieces
 56381 | Orc:2    | Bought a ration for 50 gold pieces
 56381 | Orc:2    | Bought a ration for 50 gold pieces
 56381 | Orc:2    | Bought a ration for 50 gold pieces
 56381 | Orc:2    | Bought a ration for 50 gold pieces
 56381 | Orc:2    | Bought a ration for 50 gold pieces
 56381 | Orc:2    | Bought a ration for 50 gold pieces
 56393 | Orc:2    | Bought a pair of embroidered gloves for 187 gold pieces
 56422 | Orc:2    | Bought a metal-bound book for 600 gold pieces
 56424 | Orc:2    | Bought a hardcover book for 600 gold pieces
 56504 | Vaults:1 | Entered Level 1 of the Vaults
 56530 | Vaults:1 | Reached skill level 1 in Necromancy
 56567 | Vaults:1 | Noticed Nikola
 56584 | Vaults:1 | Killed Nikola
 57322 | Vaults:1 | Reached skill level 5 in Necromancy
 57571 | Vaults:1 | Reached skill level 1 in Charms
 58068 | Vaults:1 | Reached skill level 5 in Charms
 58216 | Vaults:1 | Found Pynt's Distillery.
 58222 | Vaults:1 | Bought a potion of curing for 54 gold pieces
 58222 | Vaults:1 | Bought a potion of curing for 54 gold pieces
 58222 | Vaults:1 | Bought 2 potions of heal wounds for 180 gold pieces
 58222 | Vaults:1 | Bought a potion of heal wounds for 90 gold pieces
 58637 | Vaults:1 | Reached XP level 19. HP: 128/160 MP: 12/37
 60410 | Vaults:2 | Found Xojaresie's Antique Weapon Emporium.
 61939 | Vaults:3 | Reached skill level 10 in Summonings
 62119 | Vaults:3 | Found a staircase to the Crypt.
 63635 | Vaults:3 | Found a glowing silver altar of Zin.
 64016 | Vaults:4 | Reached skill level 10 in Shields
 64457 | Vaults:4 | Paralysed by a hornet for 3 turns
 64998 | Vaults:4 | Reached XP level 20. HP: 73/168 MP: 12/38
 65247 | Vaults:4 | Noticed Margery
 65288 | Vaults:4 | Killed Margery
 67215 | Slime:2  | Gained mutation: Your magical capacity is low. (-10% MP) [a
                  | shining eye]
 67407 | Slime:3  | Gained mutation: You are dopey. (Int -2) [a shining eye]
 67816 | Vaults:5 | Entered Level 5 of the Vaults
 67818 | Vaults:5 | Reached skill level 15 in Shields
 67821 | Vaults:5 | Noticed a golden dragon
 67821 | Vaults:5 | Reached skill level 15 in Spellcasting
 68247 | Vaults:5 | Reached XP level 21. HP: 93/178 MP: 36/36
 68253 | Vaults:4 | Killed a golden dragon
 68429 | Vaults:5 | Noticed a golden dragon
 68574 | Vaults:5 | Noticed an ancient lich
 68615 | Vaults:5 | HP: 9/182 [tentacled monstrosity (5)]
 68616 | Vaults:5 | Slain by a war gargoyle

Levels and vault maps discovered:
D:1:      dpeg_arrival_ternary, layout_loops_ring
D:2:      layout_basic, nicolae_qazlal_general_emergency,
          nicolae_overflow_crystal_walls, uniq_natasha, uniq_robin
D:3:      layout_rooms, gup_sewer_entry_bubbles, first_ration,
          hangedman_decor_points
D:4:      layout_loops_corners, grunt_temple_overflow_bloody_war, uniq_sigmund,
          uniq_duvessa
D:5:      layout_loops_corners, enter_ossuary_2, serial_shops,
          nicolae_shop_crystal, uniq_edmund, uniq_ijyb, uniq_menkaure
D:6:      layout_basic, serial_shops, kennysheep_mini_moat,
          gammafunk_ghost_nasty_kobolds, grunt_tough_drop
D:7:      layout_basic, kennysheep_little_box,
          chequers_temple_overflow_statue_of_worship, minmay_temple_entry_fiery
D:8:      layout_basic, nicolae_dithmenos_through_a_glass_darkly, uniq_harold,
          uniq_grum
D:9:      gammafunk_sealed_arena, layout_irregular_city,
          grunt_temple_overflow_open, minitemple, serial_shops, shop,
          hangedman_fish_farm, kennysheep_dice
D:10:     layout_basic, erik_lair_orcish_takeover, serial_shops,
          nicolae_shop_behind_doors, minmay_beelzebubs_servants
D:11:     layout_irregular_city, enter_bailey_1, uniq_gastronok
D:12:     layout_roguey, erik_orc_4
D:13:     layout_rooms, hangedman_vaults_entry_quadrant_bands, uniq_maurice
D:14:     layout_loops_corners, uniq_rupert
D:15:     grunt_enter_depths_snipers, layout_cave_pools, basic_altar,
          einodemon_armed_red_devil_minivault, uniq_roxanne
Temple:   jpeg_temple_alley_garden
Lair:1:   layout_cave_pods, worms_lemuel
Lair:2:   layout_cave_pods, dummy_snake_entry, gammafunk_ghost_split,
          lemuel_fruit_tree
Lair:3:   layout_cave_pods, swamp_mist, grunt_megastairs_3
Lair:4:   layout_hall_layers, minmay_lindwurm_lava, uniq_sonja, uniq_nergalle
Lair:5:   layout_cave_pods, minivault_29
Lair:6:   cheibrodos_lair_end_hotspot, layout_regular_city, slime_dummy,
          chequers_serial_rivers_micro_d, uniq_urug
Swamp:1:  layout_basic_swamp, evilmike_swamp_ruin_house_6
Swamp:2:  layout_basic_swamp, hangedman_swamp_pad, swamp_pool3,
          hangedman_swamp_muck
Swamp:3:  layout_falls_marsh, hangedman_swamp_ruin_wall, swamp_pool4
Swamp:4:  swamp_basic_johnstein, layout_basic_swamp
Snake:1:  layout_grid_maze
Snake:2:  layout_chambers, uniq_frances, uniq_vashnia
Snake:3:  layout_cave_town, serial_shops, nicolae_shop_trees
Snake:4:  minmay_snake_end_coiled, layout_cave_town, abandoned_shop,
          lemuel_oklob_altar, serial_bayou_shore_b
Slime:1:  layout_caves
Slime:2:  layout_caves
Slime:3:  layout_caves, nicolae_slime_round_cave
Orc:1:    layout_diamond_mine, serial_shops, shop, minmay_orc_keep,
          uniq_josephine, uniq_snorg
Orc:2:    grunt_orc_tribal_feast, layout_caves, serial_shops,
          nicolae_shop_temple_entry_statues_fountains,
          statue_in_the_mist_lemuel, trog_book, uniq_donald
Elf:1:    eino_elf_arrival_the_gate, layout_geoelf_diagonals,
          kennysheep_underground_church
Elf:2:    layout_loops_corners, infiniplex_enter_wizlab_glasses, st_stairs_14
Elf:3:    minmay_elf_hall_statues, layout_loops_ring,
          ebering_ghost_reflecting_pool
Vaults:1: hangedman_vaults_restitches, v_misc_25, v_misc_15, v_misc_13,
          vaults_mumra_hexcomb, vaults_mumra_minichess,
          vaults_standard_mumra_enter_the_diamond, vaults_dpeg_hooks,
          nicolae_vaults_diagonal_hallway_8, layout_vaults_quadrants,
          serial_shops, nicolae_shop_behind_doors, uniq_nikola
Vaults:2: hangedman_vaults_hat, nicolae_vaults_mini_display_case,
          nicolae_vaults_know_your_exits, v_misc_2, ontoclasm_vaults_pinch,
          v_misc_8, dpeg_vaults_monster_box, v_alt_pattern_5,
          hangedman_vaults_nails, v_alt_pattern_1, layout_vaults_ring,
          serial_shops, nicolae_shop_crystal
Vaults:3: v_alt_pattern_4, hangedman_vaults_restitches, ontoclasm_vaults_spin,
          hangedman_vaults_pinch, nicolae_vaults_ring_of_whatevers,
          ontoclasm_vaults_shuriken, ontoclasm_vaults_decontamination,
          v_misc_32, minmay_crypt_entry_simple_walls, dpeg_vaults_waves,
          v_misc_1, v_pattern_5, vaults_dpeg_ring,
          nicolae_vaults_hallways_thing, grunt_vaults_hallway_short,
          layout_vaults_maze_bifur, basic_altar
Vaults:4: hangedman_vaults_slither, vaults_mumra_lcd,
          ontoclasm_vaults_ring_square, ontoclasm_vaults_claustrophobia,
          v_misc_27, vaults_room_guarded_vault, v_misc_11,
          vaults_room_grunt_arrival_checkpoint, nicolae_vaults_yaktaur_gun_rack,
          layout_vaults_omnicross, uniq_margery
Vaults:5: serial_shops, uniq_bai_suzhen

Skill      XL: |  1  2  3  4  5  6  7  8  9 10 11 12 13 14 15 16 17 18 19 20 21 |
---------------+----------------------------------------------------------------+-----
Spellcasting   | 3 4 6 7 8 11 13 14 15 | 15.3
Conjurations   | 5 6 7 8 10 12 14 16 17 | 17.0
Fighting       | 6 7 11 12 13 14 | 14.4
Hexes          | 8 |  8.0
Dodging        | 2 6 |  6.0
Evocations     | 7 |  7.2
Translocations | 3 5 |  5.0
Earth Magic    | 5 |  5.0
Fire Magic     | 1 8 9 10 14 16 17 | 17.3
Shields        | 5 11 15 | 15.0
Summonings     | 3 9 10 | 10.0
Necromancy     | 6 |  6.1
Charms         | 7 |  7.1
Stealth        | |  1.7

Action                   |  1- 3 |  4- 6 |  7- 9 | 10-12 | 13-15 | 16-18 | 19-21 || total
-------------------------+-------+-------+-------+-------+-------+-------+-------++-------
Melee: Unarmed           |    56 |    40 |       |       |       |       |       ||    96
       Tailslap          |     3 |    10 |    22 |    20 |    65 |    77 |    61 ||   258
       Spear             |       |    69 |   169 |       |       |       |       ||   238
       Whip              |       |       |       |   147 |   492 |   340 |   344 ||  1323
       Dagger            |       |       |       |     7 |       |   130 |       ||   137
 Cast: Magic Dart        |    97 |    63 |   155 |   172 |   147 |    32 |    17 ||   683
       Searing Ray       |     2 |    10 |    57 |   118 |   102 |     8 |       ||   297
       Fulminant Prism   |       |     1 |     8 |    70 |   164 |    11 |     3 ||   257
       Confuse           |       |       |       |    72 |    43 |       |       ||   115
       Throw Flame       |       |       |       |    26 |   176 |       |       ||   202
       Blink             |       |       |       |     9 |    12 |       |     3 ||    24
       Iron Shot         |       |       |       |       |   113 |    45 |     4 ||   162
       Spellforged Servi |       |       |       |       |    16 |   189 |    73 ||   278
       Bolt of Fire      |       |       |       |       |     7 |    25 |     2 ||    34
       Orb of Destructio |       |       |       |       |       |    97 |   119 ||   216
       Ignition          |       |       |       |       |       |     1 |    60 ||    61
       Regeneration      |       |       |       |       |       |       |     1 ||     1
 Abil: Breathe Dispellin |       |       |    14 |    42 |    20 |    11 |     7 ||    94
Evoke: Wand              |       |       |     3 |    22 |    10 |       |     4 ||    39
       Lamp of fire      |       |       |       |       |       |       |     2 ||     2
  Use: Scroll            |       |     9 |     7 |     7 |    15 |    16 |    10 ||    64
       Potion            |       |       |       |     4 |     1 |     2 |    25 ||    32
 Stab: Sleeping          |       |     4 |     5 |     1 |     1 |     5 |     4 ||    20
       Confused          |       |       |       |     8 |     5 |       |       ||    13
       Distracted        |       |       |       |     1 |     1 |    16 |     4 ||    22
       Paralysed         |       |       |       |       |    12 |       |       ||    12
  Eat: Chunk             |     4 |     7 |    19 |    40 |    61 |   112 |    83 ||   326
       Ration            |       |       |     2 |     2 |    12 |    24 |    17 ||    57
Armor: Skin              |    35 |    18 |    68 |    82 |   181 |   163 |   142 ||   689
Dodge: Dodged            |    79 |    65 |   155 |   489 |   658 |   528 |   491 ||  2465
       Deflected         |       |       |       |       |    11 |    77 |    40 ||   128
Block: Buckler           |       |       |       |       |    83 |   273 |   288 ||   644
       Shield            |       |       |       |       |       |       |    65 ||    65
